 Dungeon Crawl Stone Soup version 0.22-a0-379-ga9d99d6 (webtiles) character file.

50 Kairos the Skirmisher (level 3, -3/20 HPs)
             Began as a Vine Stalker Fighter on Apr 28, 2018.
             Slain by a gnoll
             ... wielding a +0 halberd
              (14 damage)
             ... on level 2 of the Dungeon.
             The game lasted 00:01:16 (1610 turns).

Kairos the Skirmisher (Vine Stalker Fighter)        Turns: 1610, Time: 00:01:17

Health: -3/20      AC:  6    Str: 19    XL:     3   Next: 79%
Magic:  0/4        EV:  7    Int:  8    God:
Gold:   131        SH:  9    Dex: 13    Spells: 2/2 levels left

rFire    . . .     SeeInvis .   a - +0 war axe
rCold    + . .     Gourm    .   c - +0 shield
rNeg     . . .     Faith    .   b - +0 scale mail
rPois    .         Spirit   +   (no helmet)
rElec    .         Reflect  .   (no cloak)
rCorr    +         Harm     .   (no gloves)
MR       .....                  (no boots)
Stlth    ..........             (no amulet)
HPRegen  0.06/turn              h - ring of protection from cold
MPRegen  0.09/turn              l - ring of resist corrosion

@: no status effects
A: fangs 2, magic shield, antimagic bite, no potion heal 3, rot immunity
a: no special abilities


You were on level 2 of the Dungeon.
You were not hungry.

You visited 1 branch of the dungeon, and saw 2 of its levels.

You collected 131 gold pieces.

Inventory:

Hand Weapons
 a - a +0 war axe (weapon)
Armour
 b - a +0 scale mail (worn)
 c - a +0 shield (worn)
Jewellery
 h - a ring of protection from cold (left hand)
 l - a ring of resist corrosion (right hand)
Scrolls
 j - 2 scrolls of identify {unknown}
 k - 2 scrolls of noise {unknown}
 m - a scroll of teleportation {unknown}
Potions
 d - a potion of might
 e - a potion of heal wounds {unknown}
 g - 2 potions of mutation {unknown}
 i - a potion of curing {unknown}
 n - a potion of degeneration {unknown}
Comestibles
 f - 2 rations
 o - 4 chunks of flesh


   Skills:
 + Level 3.0 Fighting
 + Level 2.6 Axes
 + Level 2.9 Armour
 + Level 2.9 Shields


You had 2 spell levels left.
You didn't know any spells.

Dungeon Overview and Level Annotations

Branches:
Dungeon (2/15)

Altars:
Elyvilon
Wu Jian
Zin


Innate Abilities, Weirdness & Mutations

You have extremely sharp teeth.
When hurt, damage is shared between your health and your magic reserves.
Your bite disrupts and absorbs the magic of your enemies.
Potions cannot restore your health.
You are immune to rotting.


Message History

Found 7 needles of sleeping. 2 gnolls come into view.
The gnoll shouts!
A gnoll comes into view. It is wielding a club.
There are monsters nearby!
There are monsters nearby!
Things that are here:
a dagger; a ball python skeleton You hit the gnoll.
The gnoll is moderately wounded.
You block the gnoll's attack.
You slash the gnoll!
You kill the gnoll!
The gnoll hits you from afar with a halberd.
You see here a club.
You slash the gnoll! You bite the gnoll, but do no damage.
The gnoll is almost dead.
The gnoll hits you with a halberd. The gnoll hits you with a halberd!
Ouch! That really hurt!
You die...

.###...#..##.....# #.
.g# ...#..##.........#
#. ##.#
.###..###.####.#.# #..
#... ..##..# #.####)#.#
#..##..# # .###.##
#...>..#.# #.....!##.#
.._# ########.#
#..g...#.# ._## #.#
#.......(# ### ###.#
##.#.#.### ##.#@#
#.#)#..##
####...g######.#.....###
+....[......g.........%.
####....######.##....###
##.#)# #.# ...## ###.#
#.. ..## #.# #...... #.#
#.##.### #.# #.# .#


You could see a gnoll.

Vanquished Creatures
  A gnoll (D:2)
  A worm (D:2)
  A leopard gecko (D:1)
  3 giant cockroaches
  6 goblins
  6 hobgoblins
  3 ball pythons
  2 bats (D:2)
  3 frilled lizards
  4 kobolds
  3 rats
33 creatures vanquished.

Notes
Turn   | Place    | Note
-------+----------+-------------------------------------------
     0 | D:1      | Kairos the Vine Stalker Fighter began the quest for the Orb.
     0 | D:1      | Reached XP level 1. HP: 11/11 MP: 2/2
   378 | D:1      | Reached XP level 2. HP: 12/16 MP: 3/3
  1166 | D:2      | Reached XP level 3. HP: 19/19 MP: 4/4
  1473 | D:2      | Found a white marble altar of Elyvilon.
  1487 | D:2      | Found an ornate altar of the Wu Jian Council.
  1488 | D:2      | Reached skill level 3 in Fighting
  1492 | D:2      | Found a glowing silver altar of Zin.
  1610 | D:2      | Slain by a gnoll

Vault maps used:
D:1:      shiori_arrival_maze
D:2:      lemuel_crystal_altar, minitemple, minmay_misc_feat_rugged,
          kennysheep_generic_room_7

Skill      XL: |  1  2  3 |
---------------+----------+-----
Axes           | 2 |  2.6
Fighting       | 3 |  3.0
Armour         | |  2.9
Shields        | |  2.9

Action                   || total
-------------------------++-------
Melee: War axe           ||   105
       Bite              ||    20
  Eat: Chunk             ||     2
Armor: Scale mail        ||    41
Dodge: Dodged            ||    31
Block: Shield            ||    42

Table legend:
 A = Spawn XP
 B = Non-spawn XP
 C = Spawn XP percentage of total XP
 D = Spawn monster count
 E = Non-spawn monster count
 F = Spawn count percentage of total count
 G = Total turns spent on level
                    A         B        C        D         E        F      G
               +---------+---------+-------+---------+---------+-------+---------
         Total |       0 |      72 |   0.0 |       0 |      33 |   0.0 |  1610
               +---------+---------+-------+---------+---------+-------+---------
           D:1 |       0 |      33 |   0.0 |       0 |      19 |   0.0 |  1095
           D:2 |       0 |      39 |   0.0 |       0 |      14 |   0.0 |   515
               +---------+---------+-------+---------+---------+-------+---------
